 Dungeon Crawl Stone Soup version 0.30-a0-782-ge64f9170bb (webtiles) character file.

Game seed: 10612869976890886437

4499 Crownlay the Covert (level 10, -2/44 HPs)
             Began as a Spriggan Enchanter on Mar 5, 2023.
             Was a Priest of Dithmenos.
             Slain by a warg (15 damage)
             ... on level 9 of the Dungeon.
             The game lasted 00:23:02 (8618 turns).

Crownlay the Covert (Spriggan Enchanter)            Turns: 8618, Time: 00:23:02

Health: -2/44      AC:  3    Str: 10    XL:     10   Next: 16%
Magic:  7/22       EV: 17    Int: 20    God:    Dithmenos [***...]
Gold:   432        SH:  0    Dex: 17    Spells: 13/24 levels left

rFire   . . .      SeeInvis +    y - +6 dagger (vamp)
rCold   . . .      Faith    +    (no shield)
rNeg    . . .      Spirit   .    b - +0 robe {Archmagi}
rPois   .          Reflect  .    (helmet restricted)
rElec   .          Harm     .    e - +0 cloak
rCorr   .          Rampage  .    (gloves unavailable)
Will    +....      Archmagi +    (boots unavailable)
Stlth   ++++++++                 B - amulet of faith
HPRegen 0.27/turn                i - +6 ring of strength
MPRegen 0.18/turn                u - +4 ring of slaying

@: wreathed by umbra, very quick
A: very small, no large weapons, unfitting armour, see invisible, speed 3
a: Renounce Religion, Shadow Step


You were on level 9 of the Dungeon.
You worshipped Dithmenos.
Dithmenos was most pleased with you.
You visited 2 branches of the dungeon, and saw 10 of its levels.

You collected 432 gold pieces.

Inventory:

Hand Weapons
 y - a +6 vampiric dagger (weapon)
Missiles
 f - 4 atropa-tipped darts
 n - 4 javelins
Armour
 b - a +0 robe of the Archmagi (worn)
 e - a +0 cloak (worn)
 l - a +2 robe of cold resistance
 C - a +1 robe of willpower
Jewellery
 i - a +6 ring of strength (left hand)
 o - a ring of protection from cold
 p - a ring of fire
 u - a +4 ring of slaying (right hand)
 v - a +6 ring of strength
 B - an amulet of faith (around neck)
 E - a ring of willpower
Wands
 A - a wand of mindburst (14)
 D - a wand of iceblast (13)
 F - a wand of digging (2)
Scrolls
 a - a scroll of poison
 g - 2 scrolls of fog
 j - a scroll of butterflies {unknown}
 q - 2 scrolls of silence {unknown}
 r - 2 scrolls of teleportation
 x - a scroll of noise {unknown}
 z - 2 scrolls of amnesia {unknown}
 G - a scroll of vulnerability {unknown}
Potions
 c - 2 potions of invisibility
 d - 2 potions of curing
 h - 2 potions of attraction
 k - a potion of heal wounds {unknown}
 m - 2 potions of mutation
 s - 3 potions of haste {unknown}
 t - a potion of might {unknown}
 w - a potion of cancellation {unknown}


   Skills:
 + Level 6.7 Short Blades
 - Level 2.6 Dodging
 * Level 14.0 Stealth
 + Level 7.9 Spellcasting
 + Level 8.2 Hexes
 + Level 5.4 Invocations


You had 13 spell levels left.
You knew the following spells:

 Your Spells              Type           Power      Damage    Failure   Level
a - Ensorcelled Hibernat  Hex/Ice        72%        N/A       2%          2
b - Tukima's Dance        Hex            57%        N/A       1%          3
c - Dazzling Flash        Conj/Hex       72%        N/A       4%          3
d - Confusing Touch       Hex            57%        N/A       1%          3

Your spell library contained the following spells:

 Spells                   Type           Power      Damage    Failure   Level
 Lesser Beckoning         Tloc           22%        N/A       13%         2
 Gell's Gravitas          Tloc           11%        N/A       26%         3
 Teleport Other           Tloc           11%        N/A       26%         3


Dungeon Overview and Level Annotations

Branches:
Dungeon (9/15)             Temple (1/1) D:4
   Lair: D:8-11         Orc: D:9-12

Altars:
Ashenzari
Cheibriados
Dithmenos
Elyvilon
Fedhas
Hepliaklqana
Kikubaaqudgha
Makhleb
Nemelex Xobeh
Okawaru
Qazlal
Ru
Sif Muna
Trog
Uskayaw
Vehumet
Wu Jian
Xom
Yredelemnul
Zin

Shops:
D:4 [   D:8 (

Annotations:
D:3 3 runed translucent doors, Aldia's ghost, amateur GnWn
Temple 2 transporters


Innate Abilities, Weirdness & Mutations

You are very small and have problems with some larger weapons.
You are too small for most types of armour.
You have supernaturally acute eyesight. (SInv)
You cover ground extremely quickly. (Speed+++)


Message History

The killer bee buzzes angrily.
The killer bee is heavily wounded.
You feel sick.
You hear a howl!
The killer bee barely misses you. The warg closely misses you.
The killer bee closely misses you.
You hear a howl!
You miss the killer bee.
The killer bee is heavily wounded.
The killer bee is no longer blind.
The warg closely misses you. The killer bee completely misses you.
You puncture the killer bee!
You kill the killer bee!
Dithmenos accepts your kill.
You feel sick. The warg barely misses you.
Casting: Dazzling Flash (dangerous; 4% risk of failure)
Confirm with . or Enter, or press ? or * to list all spells.
Casting: Dazzling Flash (dangerous; 4% risk of failure)
Press: ? - help, Dir - look around, f - activate You feel a surge of power!
The orc is dazzled.
You feel sick. The warg bites you.
* * * LOW HITPOINT WARNING * * *
The orc misses you.
You catch the helpless orc completely off-guard!
You perforate the orc like a sieve!!!
You feel better.
You kill the orc!
Dithmenos accepts your kill.
You feel sick.
You are no longer poisoned.
The warg bites you.
* * * LOW HITPOINT WARNING * * *
You feel better. The warg misses you. The orc barely misses you.
Casting: Dazzling Flash (dangerous; 4% risk of failure)
Confirm with . or Enter, or press ? or * to list all spells.
Aiming: Ensorcelled Hibernation (safe; 2% risk of failure)
Press: ? - help, Shift-Dir - straight line, f - warg
Aim: a warg (umbra, chance to affect: 47%)
You feel a surge of power!
The warg resists with some effort.
The warg bites you!
You die...

...)...[.§§#.####...#
o.......?§§§§# #...# .
...........#§# #..##
.....##oo....#.####...#
...............)......#
....##h#o###.#)[.#...##
.......?. #.###[#.<..#
......####
#........#.##
..#.h@.######.........
.##.o#........#..#..#.
#..#.....##.#.......
#.##.....##.##...###
..#.....#........###
##.#....#....#....... #
#####..........###
#......<......
#.........####


You could see a warg and an orc.

Vanquished Creatures
  A hornet (D:8)
  2 wyverns
  2 steam dragons
  Menkaure (D:5)
  An acid dragon (D:8)
  2 water moccasins (D:6)
  A sky beast (D:7)
  2 ogres (D:5)
  3 centaurs
  A phantom (D:5)
  2 kobold brigands
  A bullfrog (D:7)
  A gnoll sergeant (D:7)
  2 scorpions (D:5)
  A necrophage (D:6)
  8 wights
  15 killer bees
  A howler monkey (D:7)
  4 orc priests
  3 hounds
  A jelly (D:7)
  Jessica (D:2)
  3 iguanas
  5 orc wizards
  8 gnolls
  9 adders
  3 white imps
  2 ufetubi
  4 worms (D:2)
  26 orcs
  6 ball pythons
  6 bats
  3 endoplasms
  6 giant cockroaches
  2 goblins
  5 hobgoblins
  10 jackals (D:3)
  A quokka (D:2)
  3 frilled lizards
  28 kobolds
  8 rats
194 creatures vanquished.

Vanquished Creatures (collateral kills)
  8 wights
8 creatures vanquished.

Vanquished Creatures (others)
  10 plants
10 creatures vanquished.

Grand Total: 212 creatures vanquished

Notes
Turn   | Place    | Note
-------+----------+-------------------------------------------
     0 | D:1      | Crownlay the Spriggan Enchanter began the quest for the
                  | Orb.
     0 | D:1      | Reached XP level 1. HP: 9/9 MP: 5/5
   192 | D:1      | Reached XP level 2. HP: 13/13 MP: 6/6
   274 | D:1      | Reached skill level 5 in Stealth
   860 | D:1      | Learned a level 2 spell: Ensorcelled Hibernation
   923 | D:2      | Reached XP level 3. HP: 16/16 MP: 3/8
   995 | D:2      | Noticed Jessica
  1003 | D:2      | Killed Jessica
  1026 | D:2      | Reached XP level 4. HP: 21/21 MP: 9/9
  1101 | D:2      | Reached skill level 6 in Stealth
  1221 | D:2      | Found a faded altar of an unknown god.
  1814 | D:3      | Found a runed translucent gate.
  1815 | D:3      | Found a runed translucent gate.
  1815 | D:3      | Found a runed translucent gate.
  1816 | D:3      | Noticed Aldia's ghost (amateur GnWn)
  2812 | D:4      | Reached XP level 5. HP: 9/24 MP: 2/11
  2919 | D:4      | Found a staircase to the Ecumenical Temple.
  2925 | D:4      | Reached skill level 7 in Stealth
  2933 | Temple   | Entered the Ecumenical Temple
  2933 | Temple   | Found a transporter.
  2933 | Temple   | Found a transporter.
  2935 | Temple   | Found a transporter.
  2935 | Temple   | Found a transporter.
  2952 | Temple   | Became a worshipper of Dithmenos the Shadowed
  3159 | D:4      | Found Liugho's Antique Armour Shoppe.
  3268 | D:4      | Learned a level 3 spell: Tukima's Dance
  3272 | D:4      | Learned a level 3 spell: Dazzling Flash
  3276 | D:4      | Learned a level 3 spell: Confusing Touch
  3304 | D:5      | Entered Level 5 of the Dungeon
  3323 | D:5      | Found a hazy altar of Hepliaklqana.
  3323 | D:5      | Found a white marble altar of Elyvilon.
  3385 | D:5      | Noticed Menkaure
  3402 | D:5      | Killed Menkaure
  3403 | D:5      | Reached skill level 1 in Invocations
  3403 | D:5      | Reached XP level 6. HP: 15/28 MP: 8/13
  3475 | D:5      | Reached skill level 5 in Hexes
  3488 | D:5      | Reached skill level 8 in Stealth
  3544 | D:5      | Reached XP level 7. HP: 4/32 MP: 8/14
  3888 | D:5      | Reached skill level 9 in Stealth
  4045 | D:5      | Reached skill level 5 in Spellcasting
  4493 | D:6      | Noticed a steam dragon
  4500 | D:6      | Killed a steam dragon
  4501 | D:6      | Reached XP level 8. HP: 36/36 MP: 15/17
  4554 | D:6      | Reached * piety under Dithmenos
  4614 | D:6      | Found a bloodstained altar of Trog.
  4625 | D:6      | Reached skill level 10 in Stealth
  5436 | D:6      | Reached skill level 11 in Stealth
  6045 | D:7      | Reached skill level 5 in Short Blades
  6178 | D:7      | Reached XP level 9. HP: 38/39 MP: 16/19
  6213 | D:7      | Reached ** piety under Dithmenos
  6398 | D:7      | Reached skill level 12 in Stealth
  6840 | D:7      | Found a glowing silver altar of Zin.
  7157 | D:7      | Found a sparkling altar of Nemelex Xobeh.
  7363 | D:8      | Reached *** piety under Dithmenos
  7414 | D:8      | Reached skill level 13 in Stealth
  7498 | D:8      | Found an iron altar of Okawaru.
  7800 | D:8      | Reached skill level 5 in Invocations
  7890 | D:8      | Found Dicwut's Hydra Hut.
  7892 | D:8      | Noticed a six-headed hydra
  8296 | D:9      | Reached XP level 10. HP: 44/44 MP: 22/22
  8606 | D:9      | Reached skill level 14 in Stealth
  8618 | D:9      | Slain by a warg

Illustrated notes

Levels and vault maps discovered:
D:1:      tarquinn_simple_flora_water_e, layout_basic
D:2:      layout_rooms, basic_ecumenical_altar, uniq_jessica
D:3:      layout_basic, gammafunk_ghost_split, serial_bayou_pond_c
D:4:      layout_rooms, minmay_temple_entry_tees, serial_shops,
          nicolae_square_shop
D:5:      layout_loops_ring, grunt_temple_overflow_open, uniq_menkaure
D:6:      layout_layer_cave, bloody_trog
D:7:      kennysheep_kobold_camp, layout_basic, zin_academy,
          nemelex_diamond_rough_becter
D:8:      layout_loops_ring, mainiacjoe_overflow_surrounded_room,
          doesnt_shop_hydraphobe
D:9:      kennysheep_ambush_hall, layout_rooms,
          mainiacjoe_overflow_concentric_impassable, david_orc_3,
          hangedman_abyss_or_decor_jellyfish_corner, minivault_25,
          grunt_decor_resistance, minmay_misc_feat_hallway
Temple:   hellmonk_temple_divided_pantheon

Skill      XL: |  1  2  3  4  5  6  7  8  9 10 |
---------------+-------------------------------+-----
Stealth        | 5 6 7 8 9 11 13 14 | 14.0
Spellcasting   | 3 4 5 6 7 |  7.9
Hexes          | 4 5 6 8 |  8.2
Short Blades   | 2 3 4 5 6 |  6.7
Invocations    | 1 2 3 5 |  5.4
Dodging        | |  2.6

Action                     |  1- 3 |  4- 6 |  7- 9 | 10-12 || total
---------------------------+-------+-------+-------+-------++-------
  Melee: Dagger            |   103 |   114 |   320 |    44 ||   581
         Punch             |     2 |     1 |     1 |     1 ||     5
  Throw: Dart              |     4 |     1 |       |       ||     5
   Cast: Ensorcelled Hiber |     1 |    32 |    55 |     2 ||    90
         Confusing Touch   |       |     1 |     8 |     1 ||    10
         Tukima's Dance    |       |       |     9 |     3 ||    12
         Dazzling Flash    |       |       |     4 |     5 ||     9
    Use: Scroll            |       |     5 |     8 |       ||    13
         Potion            |       |       |     3 |     1 ||     4
   Stab: Sleeping          |    11 |    29 |    38 |     3 ||    81
         Confused          |       |     1 |     2 |       ||     3
         Invisible         |       |       |     7 |     5 ||    12
         Distracted        |       |       |     1 |       ||     1
 Armour: Robe              |    14 |     8 |    14 |     1 ||    37
  Dodge: Dodged            |    73 |    86 |   211 |    66 ||   436

Table legend: (Time is in decaauts)
 A = Elapsed time spent in this place.
 B = Non-inter-level travel time spent in this place.
 C = Inter-level travel time spent in this place.
 D = Time resting spent in this place.
 E = Time spent auto-exploring this place.
 F = Levels seen in this place.
 G = Mean time per level.
                   A        B        C        D        E       F      G
               +--------+--------+--------+--------+--------+-----+--------+
         Total |   6281 |   6124 |    157 |      0 |   4827 |  10 |  628.1 |
       Dungeon |   6253 |   6103 |    150 |      0 |   4826 |   9 |  694.8 |
        Temple |     28 |     21 |      7 |      0 |      0 |   1 |   28.0 |
               +--------+--------+--------+--------+--------+-----+--------+

Top non-repeatable levels by time:
     D:6: 1204 daAuts
     D:7: 1012 daAuts
     D:3: 970 daAuts
     D:8: 781 daAuts
     D:5: 774 daAuts
     D:1: 612 daAuts
     D:2: 409 daAuts
     D:4: 326 daAuts
     D:9: 160 daAuts
  Temple: 28 daAuts
